Map: Simulacrum LE

Players

Massa

  • Race: Terran Terran
  • League: Gold
  • Spawn Location: 11:00

VOD

Have the link to the VOD?

Description

Time

  • Played on: April 15, 2020, 11:53 a.m.
  • Length: 33:15
Show
View Real Time Build Order
Export as new Build Order

Massa Terran 

Build Orders:  

Get SALT Encoding   

  12  0:15  Supply Depot  
  12  0:18  SCV  
  13  0:35  SCV  
  14  0:50  Barracks  
  14  0:52  SCV  
  15  1:09  SCV  
  16  1:26  SCV  
  16  1:27  Refinery  
  17  1:38  Supply Depot  
  17  1:43  Refinery, SCV  
  18  2:00  SCV  
  19  2:17  SCV  
  20  2:34  SCV  
  21  2:42  Factory  
  21  2:51  SCV  
  21  2:55  Barracks Tech Lab  
  22  3:16  Command Center  
  22  3:19  SCV  
  23  3:36  SCV  
  24  3:59  Cyclone, Factory  
  27  4:04  Barracks Tech Lab  
  27  4:09  Orbital Command  
  27  4:31  Marauder  
  29  4:41  Supply Depot  
  29  4:46  Supply Depot  
  29  4:50  Supply Depot  
  29  5:01  Cyclone  
  32  5:22  SCV  
  32  5:24  SCV  
  34  5:39  SCV  
  35  5:42  Cyclone  
  38  5:56  SCV x2  
  38  5:59  Cyclone  
  43  6:13  SCV x2  
  45  6:27  Cyclone  
  45  6:44  Cyclone  
  48  6:51  SCV x2  
  50  7:06  Supply Depot  
  50  7:08  SCV x2  
  52  7:12  Cyclone  
  55  7:25  SCV x2  
  57  7:39  Supply Depot  
  54  8:10  Cyclone x2  
  54  8:11  Supply Depot  
  54  8:19  SCV x2  
  62  8:27  Refinery  
  62  8:32  Refinery  
  62  8:36  SCV  
  62  8:37  Orbital Command  
  63  8:43  Supply Depot  
  60  8:53  SCV  
  60  8:54  Siege Tank  
  56  9:10  SCV  
  64  9:15  Supply Depot  
  64  9:18  Siege Tank  
  68  9:26  SCV  
  69  9:46  Command Center  
  66  10:46  SCV  
  67  10:56  Command Center  
  67  10:57  Barracks  
  67  11:03  SCV  
  68  11:15  SCV  
  69  11:20  SCV  
  70  11:32  SCV  
  70  11:36  SCV  
  70  11:38  Armory  
  72  11:43  Engineering Bay  
  66  12:06  Barracks  
  66  12:22  Engineering Bay  
  66  12:28  Orbital Command  
  66  12:38  Orbital Command  
  66  12:47  Armory  
  66  12:52  SCV x2  
  68  13:02  Barracks Reactor  
  68  13:05  Barracks Tech Lab  
  68  13:09  SCV x2  
  70  13:10  Thor  
  70  13:11  Thor  
  70  13:18  Barracks  
  70  13:19  Orbital Command  
  81  13:26  SCV x2  
  81  13:43  SCV x2  
  82  13:59  Command Center  
  72  14:10  Marine  
  72  14:11  Marine  
  72  14:14  Barracks Reactor  
  72  14:25  Thor x2  
  72  14:27  Marauder  
  73  14:35  Marine  
  73  14:36  Marine  
  66  14:57  Barracks Reactor, Marauder  
  63  15:16  SCV  
  62  15:24  Thor  
  62  15:27  Marauder  
  70  15:39  SCV, Thor  
  69  15:56  SCV  
  69  15:57  Marauder  
  72  16:08  Command Center  
  72  16:13  SCV  
  72  16:14  Bunker  
  72  16:17  Supply Depot  
  72  16:19  Supply Depot  
  73  16:21  Supply Depot  
  73  16:26  Barracks x2  
  73  16:27  Marauder  
  75  16:35  Bunker  
  75  16:51  Orbital Command  
  75  16:57  Marauder  
  77  17:01  SCV  
  78  17:18  SCV  
  79  17:27  Marauder  
  81  17:30  Thor x2  
  81  17:35  SCV  
  94  17:43  Terran Vehicle Weapons Level 1  
  94  17:44  Terran Vehicle And Ship Armor Level 1  
  94  17:46  Terran Infantry Armor Level 1, Terran Infantry Weapons Level 1  
  94  17:57  Marauder  
  97  18:02  Barracks Reactor  
  89  18:17  Barracks  
  89  18:18  Orbital Command  
  89  18:27  SCV, Marauder  
  92  18:30  Thor x2  
  104  18:44  SCV  
  105  19:01  SCV  
  105  19:07  Command Center  
  106  19:18  SCV  
  107  19:26  Barracks Reactor  
  107  19:28  Marauder  
  109  20:13  Supply Depot  
  109  20:23  Terran Ship Weapons Level 1  
  109  20:43  Marauder, Marine x4  
  109  20:45  Sensor Tower, Supply Depot  
  109  20:47  Thor x2  
  127  20:59  Terran Infantry Weapons Level 2  
  127  21:01  Sensor Tower  
  127  21:04  Terran Vehicle And Ship Armor Level 2  
  127  21:08  Marine x4  
  131  21:12  Unknown  
  131  21:16  Supply Depot  
  131  21:19  Orbital Command  
  131  21:26  Refinery  
  131  21:27  SCV  
  132  21:33  Marine x3  
  132  21:37  Refinery  
  135  21:44  SCV  
  135  21:46  Structure Armor  
  135  21:47  Thor, Supply Depot  
  142  21:58  Refinery  
  142  21:59  Supply Depot  
  142  22:01  SCV  
  142  22:09  SCV  
  144  22:13  Refinery  
  144  22:17  SCV  
  144  22:19  Supply Depot  
  145  22:26  SCV  
  146  22:30  Supply Depot  
  146  22:34  SCV  
  147  22:43  SCV  
  147  22:46  Terran Infantry Armor Level 2  
  148  22:52  Supply Depot  
  148  23:00  SCV  
  148  23:01  Supply Depot  
  148  23:03  Terran Vehicle Weapons Level 2  
  149  23:11  Thor x2  
  149  23:13  Marauder  
  149  23:14  Marine x3  
  149  23:15  Marine  
  167  23:33  Supply Depot  
  167  23:37  Sensor Tower  
  167  23:43  Marauder  
  169  24:06  Supply Depot  
  169  24:11  Sensor Tower  
  169  24:13  Marauder  
  169  24:18  Bunker  
  171  25:19  Command Center  
  171  25:30  Terran Vehicle And Ship Armor Level 3  
  171  25:33  Terran Infantry Weapons Level 3  
  171  25:58  Command Center  
  117  26:13  Terran Ship Weapons Level 2  
  117  26:18  Thor x2  
  92  26:20  Marauder  
  92  26:21  Marine x3  
  92  26:22  Marine x3  
  78  26:45  Barracks  
  78  26:46  Marine x3  
  78  26:47  Marine x3  
  84  26:50  Marauder  
  86  27:11  Marine x4  
  86  27:12  Marine x2  
  86  27:18  Thor x2  
  104  27:20  Marauder  
  104  27:25  SCV  
  104  27:27  Sensor Tower  
  107  27:36  Marine x4  
  107  27:37  Marine x2  
  113  27:42  SCV  
  114  27:50  Marauder  
  114  27:53  Barracks  
  114  27:59  SCV  
  116  28:07  Planetary Fortress  
  116  28:16  SCV  
  117  28:20  Marauder, Sensor Tower  
  117  28:22  Terran Infantry Armor Level 3  
  119  28:33  SCV  
  120  28:56  Starport  
  120  28:58  Starport  
  120  28:59  Starport  
  90  29:34  Hi-Sec Auto Tracking, Marauder  
  90  29:35  Marine x3  
  90  29:36  Marine x3  
  75  29:45  Thor  
  75  29:48  Barracks Reactor x2  
  71  29:56  Barracks  
  71  29:57  Barracks  
  67  30:00  Marine  
  67  30:02  Marine  
  67  30:04  Marauder  
  54  30:34  Marauder  
  54  30:36  Starport Tech Lab  
  54  30:37  Starport Tech Lab, Starport Reactor  
  54  30:47  Barracks  
  47  30:50  Barracks  
  47  30:53  Unknown  
  47  31:01  Missile Turret  
  47  31:04  Missile Turret  
  47  31:06  Marine, Missile Turret  
  47  31:08  Barracks Reactor x2  
  47  31:09  Marine x3  
  46  31:23  Factory  
  46  31:29  Barracks  
  46  31:31  Marine  
  46  31:34  Marine x3  
  46  31:37  Missile Turret  
  50  31:42  Barracks  
  53  31:56  Marine  
  53  31:59  Marine x3  
  56  32:02  SCV  
  52  32:19  SCV  
  53  32:21  Marine  
  53  32:22  Marine  
  53  32:23  Marine x3  
  53  32:24  Marine x3  
  53  32:25  Command Center  
  53  32:29  Factory Tech Lab  
  60  32:40  Barracks Reactor  
  60  32:42  Factory  
Tags
 
League
Gold
Matchup
Co-op
Replay Pack
Multiplayer
Add a new tag
Caveats
  • Supply blocks, unpowered buildings, or Contaminate may cause inaccurate times.
  • Supply counts are checked every 10 seconds.